 Dungeon Crawl Stone Soup version 0.17.1-3-g152610e (webtiles) character file.

58 GrosslyIncandescent the Shooter (level 3, 29/29 HPs)
             Began as a Centaur Hunter on Mar 6, 2016.
             Quit the game on level 3 of the Dungeon.
             The game lasted 00:04:18 (2153 turns).

GrosslyIncandescent the Shooter (Centaur Hunter)    Turns: 2153, Time: 00:04:18

Health: 29/29      AC:  4    Str: 14    XL:     3   Next: 76%
Magic:  3/3        EV:  9    Int: 10    God:
Gold:   52         SH:  0    Dex: 10    Spells: 0 memorised, 2 levels left

rFire  . . .     SeeInvis .     a - +1 shortbow
rCold  . . .     Clarity  .     p - +0 robe (curse)
rNeg   . . .     SustAt   .     (shield currently unavailable)
rPois  .         Gourm    .     (no helmet)
rElec  .         Spirit   .     (no cloak)
rCorr  .         Warding  .     (no gloves)
rMut   .         Stasis   .     (no barding)
MR     .....                    (no amulet)
Stlth  +.........               (no ring)
                                (no ring)

@: very quick, not resistant to hostile enchantments, very unstealthy
A: hooves 3, deformed body, speed 2, tough skin 3
a: no special abilities


You were on level 3 of the Dungeon.
You were not hungry.

You visited 1 branch of the dungeon, and saw 3 of its levels.

You collected 52 gold pieces.


Innate Abilities, Weirdness & Mutations

You have hooves in place of feet.
Armour fits poorly on your strangely shaped body.
You cover ground very quickly.
You have extremely tough skin (AC +3).


   Skills:
 - Level 2.2 Fighting
 + Level 2.4 Short Blades
 - Level 5.7 Bows
 - Level 1.5 Dodging
 - Level 0.5 Stealth


You had 2 spell levels left.
You didn't know any spells.

Inventory:

Hand Weapons
 a - a +1 shortbow (weapon)
 b - a +1 short sword
Missiles
 d - 54 arrows (quivered)
Armour
 c - a +0 leather armour
 j - a +1 ring mail of fire resistance
 p - a cursed +0 robe (worn)
Scrolls
 i - a scroll of blinking {unknown}
 k - a scroll of remove curse {unknown}
 l - a scroll of magic mapping {unknown}
Potions
 f - a potion of brilliance {unknown}
 h - a potion of magic {unknown}
Comestibles
 e - 5 bread rations
 g - 3 meat rations

Dungeon Overview and Level Annotations

Branches:
Dungeon (3/15)

Altars:
Gozag
Okawaru

▒▒▒▒▒▒▒▒▒▒▒ ▒▒▒▒
▒.........▒ ...▒▒▒▒▒▒
▒.........▒▒▒
........▒▒▒
▒............
....8.....▒ ▒.........▒
...8.8....▒ ▒.........▒
..8._.8...▒ ▒▒▒▒.▒▒▒▒▒▒
...8.8....▒ ▒@▒
....8.....▒ ▒.▒
..........▒ ▒.▒
.▒........▒ ▒.▒
..........▒ ▒.▒
▒▒........▒ ▒.▒▒▒▒▒▒▒
▒........▒ ▒>.......
▒........▒▒▒▒▒▒.▒▒▒▒▒▒▒
▒.............▒.▒


There were no monsters in sight!


Message History

The worm is lightly wounded.
The worm bites you.
* * * LOW HITPOINT WARNING * * *
You are too injured to fight recklessly!
a - a +1 shortbow (weapon)
You are too injured to fight recklessly!
You are too injured to fight recklessly!
You are too injured to fight recklessly!
Firing (i - inventory):
d - 55 arrows (quivered)
Aim: a worm You shoot an arrow.
The arrow hits the worm.
The worm is lightly wounded.
Firing (i - inventory):
d - 54 arrows (quivered)
Aim: a worm (lightly wounded)
You shoot an arrow. The arrow hits the worm!
The worm is severely wounded.
Firing (i - inventory):
d - 53 arrows (quivered)
Aim: a worm (severely wounded)
You shoot an arrow. The arrow hits the worm!
You kill the worm!
d - 53 arrows (gained 1)
You see here a worm corpse.
d - 54 arrows (gained 1)
You see here a worm corpse.
You start resting.
HP restored.
Are you sure you want to abandon this character and quit the game? (Confirm with "yes".)
Okay, then.
Enter note: you're a fucking retard Are you sure you want to abandon this character and quit the game? (Confirm with "yes".)

Action                   || total
-------------------------++-------
Melee: Short sword       ||   128
 Fire: Shortbow          ||    19
  Use: Scroll            ||     5
  Eat: Royal jelly       ||     1
       Chunk             ||     1

Vault maps used:
D:1:      dpeg_arrival_ternary, minivault_4
D:2:      lemuel_round_altar, first_bread
D:3:      lightli_temple_of_fire, okawaru_trees_2, ecumenical_altar_2

Notes
Turn   | Place    | Note
--------------------------------------------------------------
     0 | D:1      | GrosslyIncandescent the Centaur Hunter began the quest for the Orb.
     0 | D:1      | Reached XP level 1. HP: 17/17 MP: 1/1
   486 | D:1      | Reached XP level 2. HP: 16/24 MP: 2/2
   986 | D:2      | Found an opulent altar of Gozag.
   991 | D:2      | Reached skill level 1 in Short Blades
  1210 | D:2      | Reached XP level 3. HP: 29/29 MP: 3/3
  1370 | D:2      | Reached skill level 2 in Short Blades
  1778 | D:3      | Found an iron altar of Okawaru.
  1852 | D:3      | Found a faded altar to an unknown god.
  2153 | D:3      | you're a fucking retard
  2153 | D:3      | Quit the game

Vanquished Creatures
  2 adders (D:2)
  2 worms (D:3)
  A giant gecko (D:2)
  10 bats
  A giant cockroach (D:2)
  4 hobgoblins
  3 kobolds
  4 quokkas (D:2)
  3 giant newts
  3 goblins
  3 rats
36 creatures vanquished.
